 Dungeon Crawl Stone Soup version 0.27-a0-1200-g94dc6ad4cf (webtiles) character file.

Game seed: 9566231143187353441

4 Froggeryz the Chiller (level 1, 0/13 HPs)
             Began as a Demonspawn Ice Elementalist on June 1, 2021.
             Succumbed to a kobold's poison
             ... on level 1 of the Dungeon.
             The game lasted 00:00:23 (235 turns).

Froggeryz the Chiller (Demonspawn Ice Elementalist)  Turns: 235, Time: 00:00:24

Health: 0/13       AC:  2    Str:  8    XL:     1   Next: 58%
Magic:  0/3        EV: 12    Int: 16    God:
Gold:   0          SH:  0    Dex: 13    Spells: 3/4 levels left

rFire    . . .     SeeInvis .   (no weapon)
rCold    . . .     Faith    .   (no shield)
rNeg     . . .     Spirit   .   a - +0 robe
rPois    .         Reflect  .   (no helmet)
rElec    .         Harm     .   (no cloak)
rCorr    .         Rampage  .   (no gloves)
Will     .....                  (no boots)
Stlth    ++........             (no amulet)
HPRegen  0.04/turn              (no ring)
MPRegen  0.08/turn              (no ring)

@: mighty, lethally poisoned (0 -> -7)
A: no striking features
a: no special abilities


You were on level 1 of the Dungeon.
You visited 1 branch of the dungeon, and saw 1 of its levels.

Inventory:

Armour
 a - a +0 robe (worn)


   Skills:
 - Level 1.7 Dodging
 - Level 1.7 Stealth
 - Level 2.0 Spellcasting
 * Level 3.9 Ice Magic


You had 3 spell levels left.
You knew the following spells:

 Your Spells              Type           Power      Damage    Failure   Level
a - Freeze                Ice            56%        1d7       4%          1

Your spell library contained the following spells:

 Spells                   Type           Power      Damage    Failure   Level
 Frozen Ramparts          Ice            28%        1d4       13%         3
 Ozocubu's Armour         Ice            14%        N/A       13%         3
 Hailstorm                Conj/Ice       7%         3d4       67%         4
 Metabolic Englaciation   Hex/Ice        3%         N/A       95%         5


Dungeon Overview and Level Annotations

Branches:
Dungeon (1/15)

Altars:


Message History

No target in view!
No target in view!
No target in view!
You can't see any susceptible monsters within range! (Use Z to cast anyway.) No target in view!
A hobgoblin comes into view.
The kobold shouts!
The kobold throws a stone.
The stone barely misses you.
You see here 12 gold pieces.
The hobgoblin shouts!
You hear a shout!
A hobgoblin comes into view.
There is a stone staircase leading down here.
You freeze the kobold.
The kobold is moderately wounded.
The kobold hits you with a +2 short sword of venom!
Ouch! That really hurt!
You are lethally poisoned!
A bat comes into view.
You are too injured to fight recklessly!
You are too injured to fight recklessly!
Casting: Freeze (safe; 4% risk of failure)
Confirm with . or Enter, or press ? or * to list all spells.
Aiming: Freeze (safe; 4% risk of failure)
Press: ? - help, Shift-Dir - straight line, f/p - kobold
Aim: a kobold, wielding a +2 short sword of venom and quivering stones (moderately wounded)
You freeze the kobold.
You kill the kobold!
* * * LOW HITPOINT WARNING * * *
You feel very sick.
It was a potion of might.
You feel very mighty all of a sudden.
* * * LOW HITPOINT WARNING * * *
You feel sick. The hobgoblin misses you.
Casting: Freeze (safe; 4% risk of failure)
Confirm with . or Enter, or press ? or * to list all spells.
Aiming: Freeze (safe; 4% risk of failure)
Press: ? - help, Shift-Dir - straight line, f - hobgoblin
Aim: a hobgoblin You freeze the hobgoblin!
You kill the hobgoblin!
You die...

#....# ####.....#
#....###........#
#....#..........#
#....#.#........#
#..(.#.#........#
#.........###...###
#.........# #.....#
#.........#
#$.##.#####
≈≈♣≈≈♣♣≈♣..#
#..@).....# ≈P≈♣≈
♣♣♣♣♣≈≈...†..###.#
≈♣P≈≈ ♣≈♣♣bP....#
≈≈≈≈ ≈≈≈♣♣...#
≈≈≈≈≈ ≈≈♣≈P ♣...#
P♣≈≈≈ ♣g..# ≈≈≈≈♣
≈♣≈.# ≈≈P ≈ ≈.#


You could see a hobgoblin and a bat.

Vanquished Creatures
  A ball python (D:1)
  2 hobgoblins (D:1)
  A frilled lizard (D:1)
  A kobold (D:1)
  A rat (D:1)
6 creatures vanquished.

Notes
Turn   | Place    | Note
-------+----------+-------------------------------------------
     0 | D:1      | Froggeryz the Demonspawn Ice Elementalist began the quest
                  | for the Orb.
     0 | D:1      | Reached XP level 1. HP: 13/13 MP: 3/3
   235 | D:1      | Succumbed to a kobold's poison

Illustrated notes

Levels and vault maps discovered:
D:1:      dpeg_arrival_round_c, layout_basic, serial_shops, nicolae_shop_trees,
          serial_bayou_lake_a

Action                   || total
-------------------------++-------
Melee: Unarmed           ||     2
 Cast: Freeze            ||     8
  Use: Potion            ||     1
Armor: Robe              ||     2
Dodge: Dodged            ||     5

Table legend: (Time is in decaauts)
 A = Elapsed time spent in this place.
 B = Non-inter-level travel time spent in this place.
 C = Inter-level travel time spent in this place.
 D = Time resting spent in this place.
 E = Time spent auto-exploring this place.
 F = Levels seen in this place.
 G = Mean time per level.
                   A        B        C        D        E       F      G
               +--------+--------+--------+--------+--------+-----+--------+
         Total |    235 |    235 |      0 |      0 |    197 |   1 |  235.0 |
       Dungeon |    235 |    235 |      0 |      0 |    197 |   1 |  235.0 |
               +--------+--------+--------+--------+--------+-----+--------+

Top non-repeatable levels by time:
     D:1: 235 daAuts
